 Dungeon Crawl Stone Soup version 0.30-a0-1103-g25895a7845 (webtiles) character file.

Game seed: 13622698034212047507

59267 Hubris850 the Destroyer (level 14, -1/102 HPs)
             Began as a Yellow Draconian Earth Elementalist on Apr 14, 2023.
             Was the Champion of Elyvilon.
             Slain by a two-headed ogre
             ... wielding a +0 dire flail
              (2 damage)
             ... on level 2 of the Orcish Mines on Apr 18, 2023.
             The game lasted 01:35:21 (25506 turns).

Hubris850 the Destroyer (DrEE)                     Turns: 25506, Time: 01:35:21

Health: -1/102     AC: 14    Str: 10 (11) XL:     14   Next: 52%
Magic:  0/30       EV: 14    Int: 22 (24) God:    Elyvilon [******]
Gold:   1527       SH:  5    Dex: 13 (14) Spells: 12/38 levels left

rFire   + . .      SeeInvis .    I - +5 dagger (flame)
rCold   . . .      Faith    .    A - +0 buckler
rNeg    . . .      Spirit   +    (body armour unavailable)
rPois   .          Reflect  .    R - +2 hat
rElec   .          Rampage  .    l - +0 cloak
rCorr   +                        y - +1 pair of gloves
Will    +....                    L - +0 pair of boots
Stlth   ++                       J - amulet of Raank {Spirit rC+ Regen+}
HPRegen 1.17/turn                q - +6 ring of intelligence
MPRegen 0.22/turn                u - ring of fire

@: about to teleport
A: spit acid, AC +8, unfitting armour, acidic bite, cold-blooded, acid
resistance
a: Breathe Acid, Renounce Religion, Purification, Heal Other, Heal Self, Divine
Vigour


You were on level 2 of the Orcish Mines.
You worshipped Elyvilon.
Elyvilon was exalted by your worship.
You visited 5 branches of the dungeon, and saw 21 of its levels.

You collected 1527 gold pieces.

Inventory:

Hand Weapons
 a - a +4 whip
 d - a +0 dagger
 m - a +0 short sword
 F - a +1 scimitar of protection
 I - a +5 dagger of flaming (weapon)
Missiles
 b - 31 poisoned darts
 k - 7 curare-tipped darts
 s - a silver boomerang
Armour
 l - a +0 cloak (worn)
 y - a +1 pair of gloves (worn)
 A - a +0 buckler (worn)
 B - a scarf of shadows
 L - a +0 pair of boots (worn)
 R - a +2 hat (worn)
Magical Staves
 r - a staff of air
Jewellery
 i - a ring of protection from fire
 q - a +6 ring of intelligence (left hand)
 u - a ring of fire (right hand)
 v - a ring of flight
 J - the amulet of Raank (around neck) {Spirit rC+ Regen+}
   (You found it on level 12 of the Dungeon)

   [amulet of guardian spirit]

   It causes incoming damage to be divided between your reserves of health and
   magic.
   rC:        It protects you from cold.
   Regen:     It increases your rate of health regeneration.
 M - an amulet of the acrobat
 N - a ring of ice
 P - a ring of wizardry
 Q - the ring "Laptasy" {Will+ Dex+6}
   (You found it on level 3 of the Lair of Beasts)

   [ring of dexterity]

   Dex:       It affects your dexterity (+6).
   Will:      It increases your willpower.
 V - a ring of fire
Wands
 p - a wand of light (4)
 t - a wand of flame (11)
 x - a wand of iceblast (10)
 K - a wand of polymorph (8)
 S - a wand of charming (4)
Scrolls
 f - 3 scrolls of amnesia
 g - 2 scrolls of immolation
 o - a scroll of enchant armour
 T - a scroll of enchant weapon
 U - a scroll of teleportation
Potions
 c - 7 potions of berserk rage
 e - 6 potions of attraction
 h - 5 potions of lignification
 j - 5 potions of curing
 n - a potion of resistance
 w - 4 potions of brilliance
 C - 2 potions of might
 D - 5 potions of flight
 E - 2 potions of magic
 G - 4 potions of mutation
 H - a potion of cancellation
Miscellaneous
 O - a condenser vane


   Skills:
 - Level 3.0 Fighting
 - Level 10.0 Short Blades
 - Level 7.0 Dodging
 - Level 2.0 Stealth
 - Level 5.0 Shields
 + Level 12.8 Spellcasting
 + Level 13.7 Conjurations
 - Level 3.0 Transmutations
 - Level 4.0 Fire Magic
 + Level 3.8 Ice Magic
 + Level 3.8 Air Magic
 - Level 8.0 Earth Magic
 + Level 2.9 Invocations


You had 12 spell levels left.
You knew the following spells:

 Your Spells              Type           Power      Damage    Failure   Level
a - Sandblast             Erth           98%        2d20      1%          1
b - Passwall              Tmut/Erth      31%        N/A       1%          2
c - Stone Arrow           Conj/Erth      100%       3d13      1%          3
d - Summon Small Mammal   Summ           56%        N/A       6%          1
e - Petrify               Tmut/Erth      38%        N/A       6%          4
f - Fireball              Conj/Fire      34%        3d14      4%          5
g - Iskenderun's Battles  Conj           65%        2d11      1%          5
h - Freezing Cloud        Conj/Ice/Air   22%        6-21      9%          5

Your spell library contained the following spells:

 Spells                   Type           Power      Damage    Failure   Level
 Magic Dart               Conj           100%       1d8       1%          1
 Shock                    Conj/Air       100%       1d9       1%          1
 Dazzling Flash           Conj/Hex       88%        N/A       1%          3
 Mephitic Cloud           Conj/Pois/Air  39%        N/A       1%          3
 Swiftness                Air            31%        N/A       3%          3
 Poisonous Vapours        Pois/Air       44%        N/A       4%          2
 Apportation              Tloc           28%        N/A       6%          1
 Necrotise                Necr           56%        1d6       6%          1
 Call Imp                 Summ           28%        N/A       9%          2
 Lesser Beckoning         Tloc           28%        N/A       9%          2
 Airstrike                Air            15%        2d(3-19)  12%         4
 Gell's Gravitas          Tloc           14%        N/A       17%         3
 Summon Guardian Golem    Hex/Summ       14%        N/A       17%         3
 Teleport Other           Tloc           14%        N/A       17%         3
 Orb of Destruction       Conj           32%        9d10      17%         7
 Conjure Ball Lightning   Conj/Air       26%        3x3d7     24%         6
 Manifold Assault         Tloc           14%        N/A       50%         4
 Silence                  Hex/Air        11%        N/A       58%         5
 Alistair's Intoxication  Tmut/Pois      13%        N/A       65%         5
 Agony                    Necr           14%        N/A       85%         5
 Spellforged Servitor     Conj/Summ      22%        N/A       96%         7
 Lehudib's Crystal Spear  Conj/Erth      29%        10d8      99%         8
 Dispersal                Tloc           7%         N/A       100%        6
 Disjunction              Tloc           7%         N/A       100%        8
 Animate Armour           Summ/Erth      Unusable   N/A       N/A         4

Dungeon Overview and Level Annotations

Branches:
Dungeon (12/15)            Temple (1/1) D:4            Lair (5/5) D:8
  Swamp (1/4) Lair:2        Snake (0/4) Lair:3        Slime (0/5) Lair:5
    Orc (2/2) D:12
    Elf: Orc:2

Altars:
Ashenzari
Cheibriados
Dithmenos
Elyvilon
Fedhas
Gozag
Hepliaklqana
Kikubaaqudgha
Makhleb
Nemelex Xobeh
Okawaru
Qazlal
Ru
Sif Muna
Trog
Uskayaw
Vehumet
Wu Jian
Xom
Yredelemnul
Zin
The Shining One
Jiyva

Shops:
D:12 !   Orc:1 (

Annotations:
D:8 2 transporters, themarg's ghost, novice MfSu
Lair:2 3 runed translucent doors, avangion's ghost, journeyman DjCA


Innate Abilities, Weirdness & Mutations

You can spit globs of acid.
Your golden yellow scales are hard. (AC +8)
You cannot fit into any form of body armour.
You have acidic saliva.
You are cold-blooded and may be slowed by cold attacks.
You are resistant to acid. (rCorr)


Message History

The ogre mage hits you with a +0 flail! The two-headed ogre closely misses you.
The two-headed ogre barely misses you. The two-headed ogre closely misses you.
The two-headed ogre hits you with a +0 giant club!!
You block the orc warrior's attack. The ogre misses you.
The ogre mage points at the ogre and mumbles some strange words.
The ogre seems to speed up.
The ogre mage hits you from afar with a +0 spear.
* * * LOW HITPOINT WARNING * * *
The ogre hits you with a +0 giant club!
* * * LOW HITPOINT WARNING * * *
Unknown command.
You feel much better.
The two-headed ogre hits you with a +0 giant club.
The two-headed ogre barely misses you.
The orc warrior hits you from afar with a +0 trident.
* * * LOW HITPOINT WARNING * * *
The two-headed ogre hits you with a +0 dire flail.
* * * LOW HITPOINT WARNING * * *
The two-headed ogre misses you. The ogre mage hits you with a +0 flail!
* * * LOW HITPOINT WARNING * * *
The two-headed ogre hits you with a +0 giant spiked club!
Elyvilon protects you from harm!
The two-headed ogre hits you with a +0 giant club.
* * * LOW HITPOINT WARNING * * *
You feel much better.
The two-headed ogre shouts in stereo!
The ogre mage hits you but does no damage.
The ogre barely misses you. The ogre hits you with a +0 giant club!
* * * LOW HITPOINT WARNING * * *
The ogre barely misses you.
Unknown command.
As you read the scroll of teleportation, it crumbles to dust.
You feel strangely unstable. The ogre mage hits you with a +0 flail!
* * * LOW HITPOINT WARNING * * *
The two-headed ogre completely misses you.
The two-headed ogre hits you with a +0 giant club!
* * * LOW HITPOINT WARNING * * *
The two-headed ogre barely misses you. x3
The two-headed ogre hits you with a +0 giant club.
You die...

#...............
......#.........
#..............
##.[.....#..O...
###.$.........O....
##)................
#.O)[#.....O.OO# ###
##o[#)[...OO@O#
##....
#..$[.O..OOOO##......
##.)...o.#oOO#.....O.
........#ooo.....O.
.........oO........
.....##....#.......
.$..#......##......
..........# ##....
##....... ####


You could see 5 two-headed ogres, 3 ogre magi, an orc warrior, 8 ogres, an orc
wizard and 4 orcs.

Vanquished Creatures
  A fire dragon (Lair:5)
  2 hydras (Lair:2)
  9 two-headed ogres
  4 boulder beetles
  Sonja (Orc:2)
  2 skysharks
  Amaemon (Lair:2)
  An orc knight (Orc:1)
  A swamp dragon (Lair:5)
  A wolf spider (Lair:5)
  2 manticores (D:11)
  7 elephants
  8 black mambas
  An orange demon (Lair:3)
  A guardian serpent (Lair:5)
  17 cane toads
  A gargoyle (D:12)
  10 rime drakes
  Psyche (D:8)
  7 komodo dragons
  3 unseen horrors
  2 polar bears (Lair:5)
  3 hornets
  5 trolls
  11 blink frogs
  4 dream sheep (Lair:5)
  2 vampires
  Sigmund (D:2)
  A wraith (D:11)
  51 yaks
  13 wyverns
  5 steam dragons
  4 basilisks
  2 redbacks (Lair:5)
  7 vampire mosquitoes
  3 wargs
  2 swamp worms (Lair:2)
  16 water moccasins
  2 swamp drakes (Lair:5)
  10 orc warriors
  9 ice beasts
  4 black bears
  3 sky beasts
  2 centaurs
  15 ogres
  21 wolves
  2 phantoms
  10 bullfrogs
  5 kobold brigands
  3 gnoll sergeants (D:12)
  4 scorpions
  12 wights
  13 killer bees
  An electric eel (Lair:5)
  4 howler monkeys
  7 orc priests
  A gnoll bouda (D:4)
  6 hounds
  7 iguanas
  2 jellies
  A sleepcap (D:7)
  13 orc wizards
  12 hell rats
  5 gnolls
  6 adders
  4 shadow imps
  An ufetubus (D:6)
  A worm (D:2)
  39 orcs
  5 endoplasms
  3 giant cockroaches
  8 goblins
  3 hobgoblins
  4 jackals (D:2)
  A quokka (D:1)
  6 ball pythons
  7 bats
  2 frilled lizards
  13 kobolds
  6 rats
  A butterfly (Lair:1)
497 creatures vanquished.

Vanquished Creatures (collateral kills)
  A catoblepas (Lair:3)
1 creature vanquished.

Vanquished Creatures (others)
  A yak (Lair:2)
  An ice beast (D:7)
  A wolf (D:7)
  An iguana (Lair:5)
  A kobold (D:8)
  39 fungi
  94 plants
138 creatures vanquished.

Grand Total: 636 creatures vanquished

Notes
Turn   | Place    | Note
-------+----------+-------------------------------------------
     0 | D:1      | Hubris850 the Draconian Earth Elementalist began the quest
                  | for the Orb.
     0 | D:1      | Reached XP level 1. HP: 14/14 MP: 3/3
   342 | D:1      | Reached XP level 2. HP: 22/22 MP: 3/5
   538 | D:1      | Reached skill level 1 in Fighting
   642 | D:1      | Reached skill level 1 in Short Blades
   935 | D:2      | Learned a level 2 spell: Passwall
   978 | D:2      | Noticed Sigmund
  1002 | D:2      | Reached XP level 3. HP: 25/28 MP: 3/6
  1015 | D:2      | Killed Sigmund
  1016 | D:2      | Reached XP level 4. HP: 14/37 MP: 1/7
  1016 | D:2      | Reached XP level 5. HP: 16/42 MP: 1/8
  1034 | D:2      | Noticed an ogre
  1116 | D:2      | Killed an ogre
  1213 | D:2      | Reached XP level 6. HP: 51/51 MP: 4/9
  1845 | D:2      | Found a faded altar of an unknown god.
  1977 | D:3      | Learned a level 3 spell: Stone Arrow
  2394 | D:4      | Found a staircase to the Ecumenical Temple.
  2412 | Temple   | Entered the Ecumenical Temple
  2457 | Temple   | Became a worshipper of Elyvilon the Healer
  2593 | D:4      | Your scales start taking on a golden yellow colour.
  2593 | D:4      | Reached XP level 7. HP: 17/57 MP: 0/10
  2593 | D:4      | Gained mutation: You are resistant to acid. (rCorr) [Yellow
                  | Draconian growth]
  3229 | D:5      | Entered Level 5 of the Dungeon
  3453 | D:5      | Reached * piety under Elyvilon
  3847 | D:5      | Found a glowing silver altar of Zin.
  4054 | D:5      | Found a sparkling altar of Nemelex Xobeh.
  4100 | D:5      | Found a shadowy altar of Dithmenos.
  4106 | D:5      | Found an ancient bone altar of Kikubaaqudgha.
  4106 | D:5      | Found a broken altar of Ashenzari.
  4106 | D:5      | Found a burning altar of Makhleb.
  4107 | D:5      | Found a glowing golden altar of the Shining One.
  4111 | D:5      | Found an opulent altar of Gozag.
  4285 | D:6      | Reached skill level 5 in Short Blades
  4285 | D:6      | Reached skill level 5 in Dodging
  4502 | D:6      | Reached ** piety under Elyvilon
  4525 | D:6      | Noticed a steam dragon
  4534 | D:6      | Reached XP level 8. HP: 50/63 MP: 11/11
  4536 | D:6      | Reached skill level 5 in Earth Magic
  5633 | D:7      | Reached XP level 9. HP: 61/68 MP: 12/12
  6137 | D:7      | Reached *** piety under Elyvilon
  6801 | D:7      | Noticed a boulder beetle
  6913 | D:7      | Killed a boulder beetle
  6914 | D:7      | Reached skill level 10 in Short Blades
  6914 | D:7      | Reached skill level 1 in Conjurations
  7000 | D:7      | Reached skill level 2 in Conjurations
  7000 | D:7      | Reached XP level 10. HP: 77/77 MP: 7/14
  7003 | D:7      | Learned a level 1 spell: Summon Small Mammal
  7008 | D:7      | Learned a level 4 spell: Petrify
  7231 | D:7      | Found a radiant altar of Vehumet.
  7699 | D:8      | Found a transporter.
  7699 | D:8      | Noticed themarg's ghost (novice MfSu)
  7700 | D:8      | Found a transporter.
  8334 | D:8      | Noticed Psyche
  8338 | D:8      | Reached skill level 3 in Conjurations
  8680 | D:8      | Found a staircase to the Lair.
  8956 | D:8      | Reached skill level 4 in Conjurations
  8970 | D:8      | Killed Psyche
  8987 | D:8      | Reached skill level 5 in Spellcasting
  9370 | D:8      | Reached skill level 5 in Conjurations
  9918 | D:9      | Found an ornate altar of the Wu Jian Council.
 10439 | D:9      | Reached **** piety under Elyvilon
 10569 | D:10     | Entered Level 10 of the Dungeon
 10634 | D:10     | Reached XP level 11. HP: 79/82 MP: 16/19
 10879 | D:10     | Found a hazy altar of Hepliaklqana.
 11253 | D:10     | Reached ***** piety under Elyvilon
 11495 | D:11     | Reached skill level 6 in Conjurations
 11905 | D:11     | Noticed a two-headed ogre
 11947 | D:11     | Killed a two-headed ogre
 11948 | D:11     | Reached skill level 7 in Conjurations
 12055 | D:11     | Noticed a boulder beetle
 12065 | D:11     | Killed a boulder beetle
 12066 | D:11     | Reached skill level 1 in Fire Magic
 12126 | D:11     | Noticed a two-headed ogre
 12128 | D:11     | Noticed a two-headed ogre
 12142 | D:11     | Killed a two-headed ogre
 12196 | D:11     | Killed a two-headed ogre
 12548 | Lair:1   | Entered Level 1 of the Lair of Beasts
 12813 | Lair:1   | Reached skill level 8 in Conjurations
 12819 | Lair:1   | Learned a level 5 spell: Fireball
 13222 | Lair:1   | Reached XP level 12. HP: 77/89 MP: 17/24
 13596 | Lair:1   | Reached skill level 9 in Conjurations
 14412 | Lair:2   | Reached skill level 10 in Conjurations
 14560 | Lair:2   | Found a runed translucent gate.
 14560 | Lair:2   | Found a runed translucent gate.
 14561 | Lair:2   | Found a runed translucent gate.
 14562 | Lair:2   | Reached ****** piety under Elyvilon
 14566 | Lair:2   | Noticed avangion's ghost (journeyman DjCA)
 14567 | Lair:2   | Noticed a minotaur
 14651 | Lair:2   | Noticed a six-headed hydra
 15134 | Lair:2   | Killed a six-headed hydra
 15371 | Lair:2   | Found a staircase to the Swamp.
 15375 | Lair:2   | Noticed a four-headed hydra
 15380 | Lair:2   | Killed a four-headed hydra
 15381 | Lair:2   | Reached skill level 10 in Spellcasting
 15547 | Lair:3   | Noticed Amaemon
 15911 | Lair:2   | HP: 3/93 [Amaemon/+0 demon whip of venom (5)]
 15911 | Lair:2   | HP: 1/93 [Amaemon/+0 demon whip of venom (2)]
 15912 | Lair:2   | Elyvilon protects you from harm!
 16141 | Lair:2   | Killed Amaemon
 16527 | Lair:3   | Identified the ring "Laptasy" {Will+ Dex+6}
 16552 | Lair:3   | Noticed a boulder beetle
 16565 | Lair:3   | Killed a boulder beetle
 16566 | Lair:3   | Reached skill level 1 in Shields
 16566 | Lair:3   | Reached skill level 11 in Conjurations
 17003 | Lair:3   | You are sucked into a shaft and drop 2 floors!
 17003 | Lair:5   | Entered Level 5 of the Lair of Beasts
 17234 | Lair:5   | Reached XP level 13. HP: 90/94 MP: 21/27
 17458 | Lair:5   | Learned a level 5 spell: Iskenderun's Battlesphere
 18007 | Lair:5   | Found a staircase to the Slime Pits.
 18007 | Lair:5   | Found a viscous altar of Jiyva.
 18275 | Lair:5   | Reached skill level 12 in Conjurations
 18374 | Lair:5   | Reached skill level 5 in Shields
 18933 | Lair:3   | Found a staircase to the Snake Pit.
 20598 | Lair:5   | Reached skill level 13 in Conjurations
 20865 | Lair:5   | Noticed a fire dragon
 20874 | Lair:5   | Killed a fire dragon
 21452 | Lair:5   | Learned a level 5 spell: Freezing Cloud
 21556 | Lair:5   | Gained mutation: You have acidic saliva. [Yellow Draconian
                  | growth]
 21556 | Lair:5   | Reached XP level 14. HP: 98/102 MP: 19/30
 21816 | Lair:5   | Reached skill level 1 in Ice Magic
 21816 | Lair:5   | Reached skill level 1 in Air Magic
 22642 | Lair:5   | Upgraded the game from 0.30-a0-1075-gcd70e7a56d to
                  | 0.30-a0-1094-g860fb061e7
 23249 | D:12     | Identified the amulet of Raank {Spirit rC+ Regen+}
 23297 | D:12     | Found a hazy altar of Hepliaklqana.
 23298 | D:12     | Found Uwoexas's Distillery.
 23895 | D:12     | Found a staircase to the Orcish Mines.
 23940 | D:12     | Reached skill level 1 in Invocations
 24073 | Orc:1    | Entered Level 1 of the Orcish Mines
 24260 | Orc:1    | Found Gakkeo's Weapon Shop.
 24510 | Orc:2    | Entered Level 2 of the Orcish Mines
 24911 | Orc:2    | Noticed Sonja
 25257 | Swamp:1  | Entered Level 1 of the Swamp
 25257 | Swamp:1  | Noticed a thorn hunter
 25284 | Lair:2   | Upgraded the game from 0.30-a0-1094-g860fb061e7 to
                  | 0.30-a0-1103-g25895a7845
 25441 | Orc:2    | Killed Sonja
 25504 | Orc:2    | Elyvilon protects you from harm!
 25506 | Orc:2    | HP: 1/102 [two-headed ogre/+0 giant spiked club (12)]
 25506 | Orc:2    | Slain by a two-headed ogre

Illustrated notes

Levels and vault maps discovered:
D:1:      minmay_arrival_jagged, layout_basic, minmay_surrounded
D:2:      layout_loops_ring, chequers_ecumenical_altar_simple, hex_medium,
          minmay_split_cup_small, uniq_sigmund
D:3:      layout_rooms
D:4:      layout_basic, temple_fountains
D:5:      layout_cave_pods, lemuel_round_altar, minitemple, serial_column_ruins,
          column_ruins_circle_small, column_ruins_columns_straight,
          column_ruins_open_small, column_ruins_corridor_dead_end,
          column_ruins_corridor_T, column_ruins_columns_straight,
          column_ruins_grid_3, minmay_hedge_maze
D:6:      layout_basic, kennysheep_generic_room_3
D:7:      layout_loops_ring, mainiacjoe_overflow_catwalk, grunt_potential
D:8:      layout_loops_ring, hellmonk_lair_entry_icy, gammafunk_ghost_hive,
          uniq_psyche
D:9:      layout_irregular_city, nzn_wu_jian_contemplation
D:10:     layout_roguey, kennysheep_mini_moat
D:11:     minmay_klotski, layout_irregular_city
D:12:     layout_loops_ring, kennysheep_orc_monster_closet_entryway,
          serial_shops, nicolae_square_shop, nicolae_hepliaklqana_hazy_memory
Temple:   chequers_temple_sunken
Lair:1:   layout_hall_layers, beast_lair_carwin_10, lemuel_fruit_fields
Lair:2:   layout_small_grid, palyth_hydra_swamp_entry,
          maelrawn_ghost_gauntlet_escape, chequers_serial_rivers_micro_b,
          infiniplex_staircase_pool_2, grunt_megastairs_1
Lair:3:   layout_misc_corridors, minivault_26, grunt_megastairs_5, uniq_amaemon
Lair:4:   layout_long_grid
Lair:5:   guppyfry_lair_end_dragon, layout_regular_city,
          hangedman_lair_tendril_chambers, slime_entry_1, lemuel_fruit_tree,
          serial_bayou_shore_a
Swamp:1:  layout_falls_marsh, hangedman_swamp_ruin_wall
Orc:1:    layout_caves, serial_shops, shop
Orc:2:    st_orc_ogre_mass, layout_caves, nicolae_volcano_entry_two_sided,
          uniq_sonja

Skill      XL: |  1  2  3  4  5  6  7  8  9 10 11 12 13 14 |
---------------+-------------------------------------------+-----
Dodging        | 2 3 4 5 6 7 |  7.0
Fighting       | 1 2 3 |  3.0
Stealth        | 2 |  2.0
Short Blades   | 1 2 3 4 5 7 10 | 10.0
Earth Magic    | 4 5 6 8 |  8.0
Conjurations   | 2 5 8 11 13 | 13.7
Spellcasting   | 5 8 10 12 | 12.8
Transmutations | 2 3 |  3.0
Fire Magic     | 4 |  4.0
Shields        | 2 5 |  5.0
Ice Magic      | 3 |  3.8
Air Magic      | 3 |  3.8
Invocations    | 2 |  2.9

Action                     |  1- 3 |  4- 6 |  7- 9 | 10-12 | 13-15 || total
---------------------------+-------+-------+-------+-------+-------++-------
  Melee: Unarmed           |    12 |       |       |     5 |       ||    17
         Dagger            |    41 |    16 |     5 |   130 |   173 ||   365
         Tailslap          |     5 |     2 |    20 |    17 |    34 ||    78
         Short sword       |       |    18 |       |       |       ||    18
         Whip              |       |       |   113 |       |       ||   113
         Punch             |       |       |     2 |     2 |       ||     4
         Bite              |       |       |       |       |    16 ||    16
  Throw: Dart              |     4 |       |    12 |    17 |     5 ||    38
   Cast: Sandblast         |    28 |    46 |   106 |   312 |   323 ||   815
         Passwall          |       |     2 |     4 |       |       ||     6
         Stone Arrow       |       |     1 |     7 |    29 |    12 ||    49
         Petrify           |       |       |       |     9 |       ||     9
         Fireball          |       |       |       |     6 |     9 ||    15
         Iskenderun's Batt |       |       |       |       |    44 ||    44
         Freezing Cloud    |       |       |       |       |    15 ||    15
 Invoke: Heal Self         |       |       |       |     3 |       ||     3
         Purification      |       |       |       |     1 |     1 ||     2
         Divine Vigour     |       |       |       |     1 |       ||     1
Ability: Breathe Acid      |       |       |     9 |    28 |     9 ||    46
  Evoke: Wand              |       |       |       |    12 |     1 ||    13
         Condenser vane    |       |       |       |     1 |     1 ||     2
    Use: Potion            |       |     1 |       |     7 |     5 ||    13
         Scroll            |       |       |       |    22 |     9 ||    31
   Stab: Sleeping          |     2 |     4 |     2 |     2 |       ||    10
         Distracted        |       |       |       |     1 |       ||     1
         Confused          |       |       |       |     1 |       ||     1
         Petrifying        |       |       |       |     2 |       ||     2
         Petrified         |       |       |       |     3 |       ||     3
 Armour: Skin              |    17 |    13 |    72 |   183 |   167 ||   452
  Dodge: Dodged            |    45 |    26 |   151 |   418 |   297 ||   937
  Block: Buckler           |       |       |       |    18 |    99 ||   117

Table legend: (Time is in decaauts)
 A = Elapsed time spent in this place.
 B = Non-inter-level travel time spent in this place.
 C = Inter-level travel time spent in this place.
 D = Time resting spent in this place.
 E = Time spent auto-exploring this place.
 F = Levels seen in this place.
 G = Mean time per level.
                   A        B        C        D        E       F      G
               +--------+--------+--------+--------+--------+-----+--------+
         Total |  25840 |  24705 |   1135 |   7810 |  12206 |  21 | 1230.5 |
       Dungeon |  14355 |  13663 |    692 |   3341 |   7986 |  12 | 1196.2 |
        Temple |     59 |     45 |     14 |      0 |      0 |   1 |   59.0 |
          Lair |  10277 |   9927 |    350 |   3860 |   3982 |   5 | 2055.4 |
         Swamp |      3 |      3 |      0 |      0 |      0 |   1 |    3.0 |
  Orcish Mines |   1144 |   1066 |     78 |    609 |    238 |   2 |  572.0 |
               +--------+--------+--------+--------+--------+-----+--------+

Top non-repeatable levels by time:
  Lair:5: 3902 daAuts
     D:7: 2925 daAuts
  Lair:2: 2422 daAuts
     D:8: 1607 daAuts
  Lair:4: 1399 daAuts
     D:6: 1367 daAuts
  Lair:1: 1349 daAuts
    D:12: 1296 daAuts
    D:11: 1252 daAuts
  Lair:3: 1203 daAuts
   Orc:1: 1077 daAuts
     D:5: 1046 daAuts
     D:1: 1007 daAuts
     D:2: 947 daAuts
     D:9: 857 daAuts
